 Dungeon Crawl Stone Soup version 0.31.0-32-g396128a36d (webtiles) character file.

Game seed: 4550206984659090654

2782 mainiacjoe the Destroyer (level 9, -1/45 HPs)
             Began as an Octopode Conjurer on Apr 5, 2024.
             Was a Follower of Hepliaklqana.
             Slain by a water elemental (13 damage)
             ... on level 6 of the Dungeon.
             The game lasted 00:20:51 (7884 turns).

mainiacjoe the Destroyer (Octopode Conjurer)        Turns: 7884, Time: 00:20:52

Health: -1/45      AC:  1    Str:  6    XL:     9   Next: 70%
Magic:  1/22       EV: 13    Int: 24    God:    Hepliaklqana [*.....]
Gold:   267        SH:  5    Dex: 11    Spells: 0/14 levels left

rFire   . . .        a - +3 short sword (freeze)
rCold   . . .        (no shield)
rNeg    . . .        (helmet restricted)
rPois   .            g - amulet of reflection
rElec   .            l - ring of magical power
rCorr   .            (no ring)
SInv    .            (no ring)
Will    .....        (no ring)
Stlth   +++          (no ring)
HPRegen 0.27/turn    (no ring)
MPRegen 0.18/turn    (no ring)
                     (no ring)

%: reflection
@: engulfed, very slightly contaminated
A: reduced essence, almost no armour, amphibious, 8 rings, camouflage 1,
gelatinous body 1, (nimble swimmer 1), tentacles
a: Renounce Religion, Recall Ancestor, Ancestor Identity


You were on level 6 of the Dungeon.
You worshipped Hepliaklqana.
Hepliaklqana was aware of your devotion.
You visited 2 branches of the dungeon, and saw 8 of its levels.

You collected 267 gold pieces.

Inventory:

Hand Weapons
 a - a +3 short sword of freezing (weapon)
 c - a +0 dagger
 j - a +0 trident
 n - a +2 short sword of draining
 o - a +4 dagger
 t - a +1 short sword of flaming
 B - a +1 antimagic trident
 C - a +1 trident of venom
 E - a +4 dire flail
Missiles
 b - 91 stones
 d - 14 poisoned darts
 u - 6 atropa-tipped darts {=F}
 w - 3 throwing nets {=F}
Magical Staves
 y - a staff of earth
Jewellery
 g - an amulet of reflection (around mantle)
 l - a ring of magical power (left tentacle)
 x - an amulet of magic regeneration
 D - a ring of willpower
Wands
 p - a wand of mindburst (6)
 s - a wand of paralysis (13)
 z - a wand of quicksilver (7)
Scrolls
 f - a scroll of teleportation
 h - a scroll of enchant armour
 A - 2 scrolls of poison
Potions
 e - a potion of magic
 i - 3 potions of brilliance {unknown}
 k - a potion of attraction
 m - a potion of mutation
 q - a potion of haste {unknown}
 r - 2 potions of heal wounds
 v - 2 potions of berserk rage {unknown}


   Skills:
 - Level 2.5 Dodging
 - Level 3.5 Stealth
 - Level 3.0 Spellcasting
 - Level 10.0 Conjurations
 + Level 5.5 Translocations
 - Level 3.0 Air Magic
 - Level 6.0 Alchemy


You couldn't memorise any spells.
You knew the following spells:

 Your Spells              Type           Power      Damage    Failure   Level
a - Magic Dart            Conj           100%       1d8       1%          1
b - Searing Ray           Conj           100%       2d8       1%          2
c - Mephitic Cloud        Conj/Alch/Air  33%        N/A       2%          3
d - Fulminant Prism       Conj/Alch      21%        3d12      4%          4
e - Iskenderun's Mystic   Conj/Tloc      41%        2d9       4%          4

Your spell library contained the following spells:

 Spells                   Type           Power      Damage    Failure   Level
 Dazzling Flash           Conj/Hex       54%        N/A       4%          3
 Volatile Blastmotes      Fire/Tloc      34%        2d12      11%         3
 Passage of Golubria      Tloc           30%        N/A       11%         4
 Summon Ice Beast         Ice/Summ       3%         N/A       32%         3
 Tukima's Dance           Hex            3%         N/A       32%         3
 Yara's Violent Unravell  Hex/Alch       9%         3d6       65%         5
 Silence                  Hex/Air        5%         N/A       85%         5
 Curse of Agony           Necr           3%         N/A       96%         5
 Summon Mana Viper        Hex/Summ       3%         N/A       96%         5
 Monstrous Menagerie      Summ           1%         N/A       100%        7


Dungeon Overview and Level Annotations

Branches:
Dungeon (7/15)             Temple (1/1) D:4

Altars:
Ashenzari
Cheibriados
Dithmenos
Elyvilon
Fedhas
Hepliaklqana
Makhleb
Sif Muna
Uskayaw
Wu Jian
Xom
Yredelemnul
The Shining One
Ignis

Shops:
D:4 (   D:6 :

Annotations:
D:3 Sigmund
D:5 1 runed translucent door, exclusion: player ghost, KittyFluff's ghost, novice TrSh
D:7 Prince Ribbit


Innate Abilities, Weirdness & Mutations

Your life essence is reduced to manifest your ancestor. (-10% HP)
You cannot wear most types of armour.
You are amphibious.
You can wear up to eight rings at the same time.
Your skin changes colour to match your surroundings (Stealth+).
Your rubbery body absorbs attacks. (AC +1, EV +1)
((You are camouflaged when in or above water. (Stealth+)))
You have tentacles for arms and can constrict up to eight enemies at once.


Message History

(Press . to maintain the ray.)
The water elemental misses you.
The searing ray hits the water elemental.
The water elemental is heavily damaged.
The water elemental hits you!
* * * LOW HITPOINT WARNING * * *
The water elemental engulfs you in water!
The searing ray hits the water elemental!
The water elemental is almost destroyed.
The water elemental hits you!
* * * LOW HITPOINT WARNING * * *
It was a potion of heal wounds.
You feel much better. The water elemental misses you.
Casting: Searing Ray (safe; 1% risk of failure)
Confirm with . or Enter, or press ? or * to list all spells.
You miscast Iskenderun's Mystic Blast.
You are very lightly contaminated with residual magic.
Strange energies run through your body! You block the water elemental's attack.
Casting: Iskenderun's Mystic Blast (dangerous; 4% risk of failure)
Confirm with . or Enter, or press ? or * to list all spells.
You erupt in a blast of force!
The mystic blast hits the water elemental.
The water elemental is almost destroyed.
The water elemental barely misses you.
Unknown command.
Casting: Iskenderun's Mystic Blast (dangerous; 4% risk of failure)
Confirm with . or Enter, or press ? or * to list all spells.
Aiming: Searing Ray (safe; 1% risk of failure)
Press: ? - help, Shift-Dir - straight line, f/p - water elemental
Aim: a water elemental (almost destroyed, 90% to hit)
The searing ray hits the water elemental.
The water elemental is almost destroyed. (Press . to maintain the ray.)
The water elemental hits you.
Without enough magic to sustain it, your searing ray dissipates.
You block the water elemental's attack. The water elemental hits you!
* * * LOW HITPOINT WARNING * * *
The water elemental hits you!
You die...

.................#
#..##
.................#
#.##
########.........#
##.#
#..........###..#####
#......#....<.......#
#......##..#...####.#
#......##.........#.#
#......###.E##.#.##.#
#......#..@###.#.##.#
#......###.###.#....#
######## #.....######
#######


You could see a water elemental.

Vanquished Creatures
  Maggie (D:6)
  Menkaure (D:7)
  2 water moccasins
  Duvessa (D:6)
  A black bear (D:6)
  An ogre (D:6)
  3 phantoms
  4 scorpions
  4 wights (D:6)
  Dowan (D:6)
  A bombardier beetle (D:3)
  2 hounds
  4 jellies
  2 orc priests
  A gnoll bouda (D:6)
  A sleepcap (D:5)
  Jessica (D:3)
  6 iguanas
  Natasha (thrice) (D:3)
  4 orc wizards
  5 adders
  9 gnolls
  A dart slug (D:1)
  3 ribbon worms
  19 orcs
  3 ball pythons
  12 endoplasms
  3 giant cockroaches
  10 goblins
  5 hobgoblins
  5 quokkas
  2 bats
  A frilled lizard (D:3)
  14 kobolds
  A rat (D:1)
137 creatures vanquished.

Vanquished Creatures (collateral kills)
  A black bear (D:5)
  2 scorpions
  A wight (D:6)
  2 gnolls (D:5)
6 creatures vanquished.

Vanquished Creatures (others)
  10 fulminant prisms
10 creatures vanquished.

Grand Total: 153 creatures vanquished

Notes
Turn   | Place    | Note
-------+----------+-------------------------------------------
     0 | D:1      | mainiacjoe the Octopode Conjurer began the quest for the
                  | Orb.
     0 | D:1      | Reached XP level 1. HP: 11/11 MP: 3/3
   275 | D:1      | Reached XP level 2. HP: 17/17 MP: 0/5
   278 | D:1      | Learned a level 2 spell: Searing Ray
  1077 | D:2      | Reached XP level 3. HP: 21/21 MP: 1/6
  1484 | D:2      | Found a faded altar of an unknown god.
  1843 | D:3      | Noticed Natasha
  1851 | D:3      | Killed Natasha
  1852 | D:3      | Reached XP level 4. HP: 27/27 MP: 2/7
  1938 | D:3      | Learned a level 3 spell: Mephitic Cloud
  2221 | D:3      | Noticed Jessica
  2227 | D:3      | Killed Jessica
  2372 | D:3      | Noticed Natasha
  2383 | D:3      | Killed Natasha
  2384 | D:3      | Reached XP level 5. HP: 31/31 MP: 9/9
  2450 | D:3      | Noticed Natasha
  2454 | D:3      | Killed Natasha
  2455 | D:3      | Reached skill level 5 in Conjurations
  2455 | D:3      | Reached skill level 1 in Air Magic
  2455 | D:3      | Reached skill level 1 in Alchemy
  2812 | D:3      | Found a shimmering blue altar of Sif Muna.
  2812 | D:3      | Found an ornate altar of the Wu Jian Council.
  2812 | D:3      | Found a broken altar of Ashenzari.
  2812 | D:3      | Found a shimmering blue altar of Sif Muna.
  2812 | D:3      | Found a hazy altar of Hepliaklqana.
  2812 | D:3      | Found a hide-covered altar of Uskayaw.
  2824 | D:3      | Reached XP level 6. HP: 36/36 MP: 10/10
  2836 | D:3      | Learned a level 4 spell: Fulminant Prism
  2929 | D:3      | Became a worshipper of Hepliaklqana the Forgotten
  3264 | D:3      | Noticed Sigmund
  4355 | D:4      | Found a staircase to the Ecumenical Temple.
  4360 | D:4      | Found a white marble altar of Elyvilon.
  4380 | D:4      | Reached skill level 6 in Conjurations
  4381 | Temple   | Entered the Ecumenical Temple
  4438 | D:4      | Found Bom Taub's Weapon Boutique.
  4526 | D:4      | Reached * piety under Hepliaklqana
  4544 | D:4      | Reached XP level 7. HP: 36/36 MP: 11/11
  4899 | D:5      | Entered Level 5 of the Dungeon
  5039 | D:5      | Reached skill level 7 in Conjurations
  5493 | D:5      | Reached skill level 8 in Conjurations
  5493 | D:5      | Reached XP level 8. HP: 41/41 MP: 12/12
  5758 | D:5      | Found a runed translucent door.
  5764 | D:5      | Noticed KittyFluff's ghost (novice TrSh)
  6256 | D:6      | Reached skill level 9 in Conjurations
  6305 | D:6      | Found Zixkiufe's Book Shoppe.
  6529 | D:6      | Reached skill level 10 in Conjurations
  6540 | D:6      | Reached skill level 1 in Translocations
  6540 | D:6      | Reached XP level 9. HP: 42/45 MP: 5/13
  6545 | D:6      | Noticed Maggie
  6898 | D:6      | Killed Maggie
  6899 | D:6      | Reached skill level 5 in Alchemy
  7293 | D:6      | Noticed Duvessa
  7301 | D:6      | Killed Duvessa
  7301 | D:6      | Noticed Dowan
  7304 | D:6      | Killed Dowan
  7310 | D:6      | Learned a level 4 spell: Iskenderun's Mystic Blast
  7765 | D:7      | Noticed Prince Ribbit
  7865 | D:7      | Noticed Menkaure
  7873 | D:7      | Reached skill level 5 in Translocations
  7873 | D:7      | Killed Menkaure
  7884 | D:6      | Slain by a water elemental

Illustrated notes

Levels and vault maps discovered:
D:1:      erik_arrival_blinker_ship, layout_loops_cross
D:2:      layout_basic, ebering_ecumenical_altar_mist, minmay_misc_feat_square
D:3:      cheibrodos_fertilizer, layout_basic, uniq_natasha, uniq_sigmund,
          uniq_jessica
D:4:      layout_rooms, nicolae_overflow_hidden_temple,
          minmay_temple_entry_tees, serial_shops,
          nicolae_shop_bloodbath_and_beyond, hangedman_decor_points
D:5:      layout_loops_ring, gammafunk_ghost_grave, serial_bayou_pond_a,
          eino_curves_01, minivault_14, grunt_decor_junction
D:6:      layout_basic, serial_shops, nicolae_shop_tiny_glass, serial_rivers,
          chequers_serial_rivers_large_a, chequers_serial_rivers_micro_d,
          chequers_serial_rivers_small_b, chequers_serial_rivers_micro_e,
          uniq_maggie, uniq_duvessa, uniq_blork_the_orc
D:7:      layout_rooms, lemuel_tele_altar, nicolae_rank_and_phial,
          uniq_prince_ribbit1, uniq_menkaure, uniq_jeremiah
Temple:   ebering_untended_altars

Skill      XL: |  1  2  3  4  5  6  7  8  9 |
---------------+----------------------------+-----
Stealth        | 3 |  3.5
Conjurations   | 5 6 8 10 | 10.0
Air Magic      | 1 2 3 |  3.0
Alchemy        | 1 2 3 6 |  6.0
Spellcasting   | 3 |  3.0
Translocations | 1 5 |  5.5
Dodging        | |  2.5

Action                     |  1- 3 |  4- 6 |  7- 9 || total
---------------------------+-------+-------+-------++-------
  Melee: Short sword       |     3 |     6 |     3 ||    12
         Constrict         |     1 |     2 |     1 ||     4
         Tentacles         |       |     4 |     2 ||     6
   Cast: Magic Dart        |    42 |    53 |    81 ||   176
         Searing Ray       |     9 |    22 |    34 ||    65
         Fulminant Prism   |       |       |    10 ||    10
         Iskenderun's Myst |       |       |     1 ||     1
 Invoke: Recall Ancestor   |       |       |     2 ||     2
  Evoke: Wand              |       |       |     1 ||     1
    Use: Scroll            |     7 |     3 |     2 ||    12
         Potion            |       |       |     1 ||     1
 Armour: Skin              |     1 |     5 |    12 ||    18
  Dodge: Dodged            |     3 |     7 |     9 ||    19
  Block: Other             |     2 |     3 |     8 ||    13
         Reflection        |       |     1 |       ||     1
